 Dungeon Crawl Stone Soup version 0.31-a0-202-g547052bce9 (webtiles) character file.

Game seed: 13260642791560799075

126 qw the Skirmisher (level 4, -3/25 HPs)
             Began as a Deep Elf Hunter on June 26, 2023.
             Slain by a water moccasin (4 damage)
             ... on level 3 of the Dungeon.
             The game lasted 00:00:38 (1992 turns).

qw the Skirmisher (Deep Elf Hunter)                 Turns: 1992, Time: 00:00:39

Health: -3/25      AC:  5    Str: 10    XL:     4   Next: 84%
Magic:  6/6        EV: 11    Int: 14    God:
Gold:   13         SH:  0    Dex: 18    Spells: 3/3 levels left

rFire   . . .        Y - +0 shortbow (freeze)
rCold   . . .        (shield currently unavailable)
rNeg    . . .        e - +0 ring mail
rPois   .            (no helmet)
rElec   .            (no cloak)
rCorr   .            (no gloves)
SInv    .            (no boots)
Will    .....        (no amulet)
Stlth   +            (no ring)
HPRegen 0.24/turn    (no ring)
MPRegen 0.10/turn

%: no passive effects
@: lethally poisoned (-3 -> -10)
A: no striking features
a: no special abilities


You were on level 3 of the Dungeon.
You visited 1 branch of the dungeon, and saw 3 of its levels.

You collected 79 gold pieces.
You spent 66 gold pieces at shops.


   Skills:
 - Level 1.5 Fighting
 + Level 8.2 Ranged Weapons
 - Level 2.4 Dodging
 - Level 1.2 Stealth


You had 3 spell levels left.
You didn't know any spells.
Your spell library was empty.

Inventory:

Hand Weapons
 Y - a +0 shortbow of freezing (weapon)
Armour
 e - a +0 ring mail (worn)
Scrolls
 c - 2 scrolls of identify
 i - a scroll of poison {unknown}
Potions
 a - a potion of resistance
 b - a potion of enlightenment
 d - a potion of cancellation
 f - 3 potions of ambrosia {unknown}
 g - 2 potions of curing
 h - a potion of attraction {unknown}

Dungeon Overview and Level Annotations

Branches:
Dungeon (3/15)

Altars:
Fedhas
Zin

Shops:
D:2 ?   D:3 (


Message History

Enter note:
Enter note:
Enter note:
Enter note:
Enter note:
Enter note:
Enter note: You shoot an arrow.
The arrow closely misses the goblin.
A water moccasin comes into view.
The goblin closely misses you.
You shoot an arrow. The arrow hits the goblin.
The arrow freezes the goblin.
The goblin is severely wounded.
The goblin hits you with a +0 club.
You shoot an arrow. The arrow barely misses the goblin.
The goblin hits you but does no damage. The goblin hits you with a +0 club.
You shoot an arrow. The arrow closely misses the goblin.
The goblin no longer looks unusually strong.
The water moccasin bites you. The goblin hits you with a +0 club.
The water moccasin bites you but does no damage.
You shoot an arrow. The arrow hits the goblin!
The arrow freezes the goblin.
You kill the goblin!
You hear a shout!
The water moccasin closely misses you.
A hobgoblin comes into view.
You shoot an arrow. The arrow hits the water moccasin.
The water moccasin seems to slow down.
The arrow freezes the water moccasin.
The water moccasin is lightly wounded.
The water moccasin bites you!
You shoot an arrow. The arrow hits the water moccasin.
The water moccasin seems to slow down.
The arrow freezes the water moccasin.
The water moccasin is moderately wounded.
The water moccasin bites you.
You are lethally poisoned!
The water moccasin poisons you!
You shoot an arrow. The arrow hits the water moccasin.
The arrow freezes the water moccasin.
The water moccasin is heavily wounded.
You feel very sick. The water moccasin bites you.
You die...

#..#.## ##..## #.#..##
# #..#..# .#### #...#.#
.... ####..### ##g.
##.##%##.## #
#)#..S####.........####
#.....@..'.........'...
###..)####.........####
##.. ##.......## # .?..
##.....## ###.# ##...##
#. ##+## #. #.


You could see a water moccasin (slow) and a hobgoblin.

Vanquished Creatures
  Robin (D:3)
  3 gnolls (D:2)
  3 adders
  A worm (D:2)
  2 dart slugs
  An orc (D:3)
  2 endoplasms
  11 goblins
  8 hobgoblins
  4 quokkas
  5 ball pythons
  2 bats
  3 frilled lizards
  5 kobolds
  3 rats
54 creatures vanquished.

Notes
Turn   | Place    | Note
-------+----------+-------------------------------------------
     0 | D:1      | qw the Deep Elf Hunter began the quest for the Orb.
     0 | D:1      | Reached XP level 1. HP: 12/12 MP: 3/3
     0 | D:1      | 0 ||| qw: Version: 0.3-a-22-g0ed2b0b
     0 | D:1      | 0 ||| qw: Game counter: 6139
     0 | D:1      | 0 ||| qw: Melee chars always use a shield: true
     0 | D:1      | 0 ||| qw: God list: Okawaru
     0 | D:1      | 0 ||| qw: Allow faded altars: false
     0 | D:1      | 0 ||| qw: Do Orc after clearing Dungeon:15 true
     0 | D:1      | 0 ||| qw: Do second Lair branch before Depths: true
     0 | D:1      | 0 ||| qw: Lair rune preference: random
     0 | D:1      | 0 ||| qw: Goals: Normal
     0 | D:1      | 0 ||| PLANNING D:1-11
   283 | D:1      | You fall into a shaft and drop 1 floor!
   380 | D:2      | Reached skill level 6 in Ranged Weapons
   380 | D:2      | Reached XP level 2. HP: 16/16 MP: 4/4
   557 | D:2      | Found a glowing silver altar of Zin.
   568 | D:2      | 568 ||| UPGRADING to +0 ring mail.
   578 | D:2      | 578 ||| DROPPING +0 leather armour.
   579 | D:2      | 579 ||| READING scroll labelled DAJIAGHUHU.
   580 | D:2      | 580 ||| DRINKING 2 bubbling sapphire potions.
   581 | D:2      | 581 ||| DROPPING scroll of butterflies.
   887 | D:1      | 887 ||| READING scroll labelled YDUAKL DOLU.
   888 | D:1      | 888 ||| DRINKING 2 metallic red potions.
   917 | D:2      | Reached XP level 3. HP: 20/20 MP: 5/5
   922 | D:2      | Reached skill level 7 in Ranged Weapons
   954 | D:2      | Found a faded altar of an unknown god.
  1049 | D:2      | Reached XP level 4. HP: 25/25 MP: 6/6
  1138 | D:2      | Found Destelic's Magic Scroll Boutique.
  1146 | D:2      | 1146 ||| SHOPLISTING scroll of enchant armour (82 gold,
                  | have 70).
  1146 | D:2      | 1146 ||| BUYING scroll of identify (22 gold).
  1146 | D:2      | Bought a scroll of identify for 22 gold pieces
  1146 | D:2      | 1146 ||| BUYING scroll of identify (22 gold).
  1146 | D:2      | Bought a scroll of identify for 22 gold pieces
  1146 | D:2      | 1146 ||| BUYING scroll of identify (22 gold).
  1146 | D:2      | Bought a scroll of identify for 22 gold pieces
  1146 | D:2      | 1146 ||| SHOPLISTING scroll of identify (22 gold, have 4).
  1146 | D:2      | 1146 ||| SHOPLISTING scroll of teleportation (33 gold, have
                  | 4).
  1483 | D:2      | 1483 ||| READING scroll labelled EHELE DOTO.
  1484 | D:2      | 1484 ||| READING 3 scrolls of identify.
  1484 | D:2      | 1484 ||| IDENTIFYING fizzy white potion
  1485 | D:2      | 1485 ||| READING 2 scrolls of identify.
  1485 | D:2      | 1485 ||| IDENTIFYING coppery potion
  1593 | D:3      | Found Aklid's Antique Weapon Emporium.
  1617 | D:3      | 1617 ||| SHOPLISTING orcbow (98 gold, have 13).
  1768 | D:3      | Reached skill level 8 in Ranged Weapons
  1949 | D:3      | Found a blossoming altar of Fedhas.
  1975 | D:3      | Identified the +0 helmet of the Apprentice {Int+3}
  1975 | D:3      | Noticed Robin
  1977 | D:3      | Identified the +2 leather armour "Jeker" {+Blink +Inv rF-
                  | Str+6}
  1982 | D:3      | Killed Robin
  1985 | D:3      | Noticed a water moccasin
  1991 | D:3      | HP: 4/25 [water moccasin (5)]
  1992 | D:3      | HP: 1/25 [poisoned by a water moccasin]
  1992 | D:3      | Slain by a water moccasin

Levels and vault maps discovered:
D:1:      dpeg_arrival_rooms_a, layout_loops_ring
D:2:      layout_loops_corners, serial_shops, shop_fountains, basic_altar,
          hellmonk_ecumenical_altar_arch_garden, minmay_misc_feat_alley,
          bh_walls_and_bars
D:3:      layout_loops_corners, marbit_many_paths, serial_shops, shop,
          uniq_robin

Skill      XL: |  1  2  3  4 |
---------------+-------------+-----
Ranged Weapons | 6 7 8 |  8.2
Fighting       | |  1.5
Dodging        | |  2.4
Stealth        | |  1.2

Action                     |  1- 3 |  4- 6 || total
---------------------------+-------+-------++-------
   Fire: Shortbow          |    67 |    80 ||   147
    Use: Scroll            |     2 |     3 ||     5
         Potion            |     2 |       ||     2
 Armour: Leather armour    |     1 |       ||     1
         Ring mail         |     1 |    16 ||    17
  Dodge: Dodged            |    16 |    15 ||    31

Table legend:
 A = Non-vault XP
 B = Vault XP
 C = Vault XP percentage of total XP
 D = Non-vault monster count
 E = Vault monster count
 F = Vault count percentage of total count
                 A         B        C        D         E       F
            +---------+---------+-------+---------+---------+-------
      Total |     154 |      27 |  14.9 |      46 |       8 |  14.8
            +---------+---------+-------+---------+---------+-------
        D:1 |      25 |       0 |   0.0 |      15 |       0 |   0.0
        D:2 |      86 |       0 |   0.0 |      20 |       0 |   0.0
        D:3 |      43 |      27 |  38.6 |      11 |       8 |  42.1
            +---------+---------+-------+---------+---------+-------
